Map: Heavy Artillery LE

Players

Fatamor - Winner!

  • Race: Terran Terran
  • League: Platinum
  • Spawn Location: 7:00

Anomandaris - Winner!

  • Race: Protoss Protoss
  • League: Master
  • Spawn Location: 7:00

Massa

  • Race: Terran Terran
  • League: Platinum
  • Spawn Location: 1:00

qqq

  • Race: Zerg Zerg
  • League: Platinum
  • Spawn Location: 3:00

VOD

Have the link to the VOD?

Description

Time

  • Played on: Sept. 5, 2020, 5:38 p.m.
  • Length: 6:21
Show
View Real Time Build Order
Export as new Build Order

Fatamor Terran - Winner!

Build Orders:  

Get SALT Encoding   

  12  0:10  SCV  
  13  0:25  Supply Depot  
  13  0:26  SCV  
  14  0:43  SCV  
  15  0:50  Barracks  
  15  0:55  Refinery, SCV  
  16  1:07  SCV  
  17  1:18  Barracks  
  17  1:24  Supply Depot  
  17  1:25  SCV  
  18  1:43  Barracks Reactor  
  18  1:44  Orbital Command  
  18  2:09  Barracks Tech Lab  
  18  2:10  Command Center  
  18  2:19  Marine  
  18  2:20  Marine  
  20  2:23  SCV  
  21  2:30  Stimpack  
  21  2:35  SCV  
  24  2:37  Marauder  
  24  3:01  Refinery, SCV  
  24  3:04  Marauder, Marine x2  
  29  3:13  SCV  
  30  3:25  SCV  
  31  3:46  Marine x2  
  31  3:47  Marauder  
  35  3:55  Supply Depot  
  35  3:57  Engineering Bay, Supply Depot  
  35  4:04  Marine x2  
  35  4:09  Marauder  
  39  4:10  Concussive Shells  
  39  4:11  Factory  
  39  4:16  SCV  
  40  4:19  SCV  
  40  4:22  Marine x2  
  43  4:28  SCV  
  43  4:30  Marauder  
  46  4:31  SCV  
  47  4:44  Marine x2  
  49  4:51  Marauder  
  51  5:00  SCV  
  51  5:02  Marine  
  53  5:12  SCV  
  53  5:24  SCV  
  53  5:27  Factory Reactor  
  54  5:36  Starport, SCV  
  54  5:37  Barracks  
  54  5:41  Marauder, Marine x2  
  59  5:48  SCV  
  53  5:59  Marine x2  
Show
View Real Time Build Order
Export as new Build Order

Anomandaris Protoss - Winner!

Build Orders: Blink Stalkers 

Get SALT Encoding   

  12  0:00  Probe  
  13  0:12  Probe  
  14  0:20  Pylon  
  14  0:24  Probe  
  15  0:38  Probe (Chrono Boost)  
  15  0:39  Gateway  
  16  0:49  Probe (Chrono Boost)  
  17  0:52  Assimilator  
  17  0:54  Probe (Chrono Boost)  
  18  1:10  Assimilator  
  18  1:20  Pylon  
  18  1:38  Cybernetics Core  
  18  1:43  Probe (Chrono Boost)  
  19  1:53  Probe (Chrono Boost)  
  20  1:58  Probe (Chrono Boost)  
  21  2:09  Probe  
  21  2:11  Warp Gate (Chrono Boost)  
  21  2:14  Gateway, Stalker  
  24  2:22  Probe  
  25  2:32  Twilight Council  
  25  2:37  Gateway  
  25  2:44  Stalker  
  26  3:01  Stalker  
  28  3:16  Blink (Chrono Boost)  
  28  3:19  Stalker  
  30  3:26  Pylon  
  30  3:42  Stalker  
  30  3:55  Gateway  
  30  3:56  Stalker  
  30  4:04  Stalker  
  30  4:32  Stalker  
  30  4:33  Stalker x2  
  36  4:47  Pylon  
  36  4:48  Pylon  
  36  5:13  Stalker x4  
  40  5:40  Stalker  
  40  5:41  Stalker x3  
  48  6:11  Stalker x3  
Show
View Real Time Build Order
Export as new Build Order

Massa Terran 

Build Orders:  

Get SALT Encoding   

  12  0:00  SCV  
  13  0:12  SCV  
  14  0:23  Supply Depot  
  14  0:24  SCV  
  15  0:31  Refinery  
  15  0:46  Barracks  
  15  0:47  SCV  
  16  0:59  SCV  
  17  1:17  SCV  
  18  1:29  SCV  
  19  1:41  SCV  
  20  1:52  Supply Depot  
  20  1:53  SCV  
  22  1:54  Reaper  
  22  2:10  Orbital Command  
  22  2:18  Factory  
  22  2:27  Command Center  
  22  2:45  Supply Depot  
  22  2:47  Supply Depot  
  22  2:51  Barracks Tech Lab  
  22  2:55  Reaper  
  23  3:01  Hellion  
  25  3:07  Barracks  
  25  3:12  Supply Depot  
  25  3:16  SCV  
  26  3:23  Hellion  
  28  3:28  Reaper, SCV  
  28  3:31  Starport  
  28  3:57  Command Center  
  28  3:59  Marine x2  
  30  4:05  SCV x2  
  32  4:17  Factory Tech Lab, SCV x2  
  32  4:18  Marine  
  35  4:29  SCV  
  31  4:39  Marine  
  31  4:41  Siege Tank  
  31  4:42  Marine  
  36  4:48  Barracks  
  36  4:51  Orbital Command  
  36  4:55  Barracks  
  37  5:00  Marine  
  37  5:03  Bunker  
  33  5:18  Marine  
  29  5:32  Engineering Bay  
  29  5:34  SCV x3  
  33  5:46  SCV  
  30  6:03  Supply Depot  
Show
View Real Time Build Order
Export as new Build Order

qqq Zerg 

Build Orders: Hatch First 

Get SALT Encoding   

  12  0:07  Drone  
  12  0:08  Drone  
  14  0:51  Hatchery  
  14  0:53  Spawning Pool  
  14  0:54  Drone  
  13  1:04  Overlord  
  13  1:07  Drone  
  14  1:19  Extractor  
  14  1:20  Drone  
  14  1:40  Drone  
  14  1:41  Queen  
  14  1:44  Drone  
  14  1:45  Drone  
  19  2:00  Drone  
  20  2:02  Drone  
  21  2:11  Drone  
  21  2:12  Queen  
  24  2:16  Drone  
  25  2:28  Drone  
  25  2:29  Drone  
  27  2:31  Metabolic Boost  
  27  2:52  Overlord  
  27  2:55  Zergling x2  
  28  3:02  Overlord  
  28  3:08  Hatchery  
  28  3:12  Lair  
  27  3:13  Zergling x2  
  27  3:15  Drone  
  27  3:17  Zergling x2  
  30  3:20  Drone  
  30  3:23  Zergling x2  
  30  3:26  Zergling x2  
  33  3:35  Zergling x2  
  33  3:36  Drone x2  
  36  3:49  Zergling x6  
  39  4:06  Zergling x4  
  39  4:07  Drone x3  
  44  4:20  Drone  
  44  4:21  Extractor  
  44  4:22  Drone x3  
  44  4:23  Drone x3, Spire  
  49  4:32  Zergling x2  
  50  4:39  Overlord  
  50  4:41  Overlord x2  
  50  4:47  Extractor  
  50  4:48  Extractor  
  48  4:54  Zergling x4  
  46  5:13  Zergling x6  
  50  5:14  Drone x3, Zergling x2  
  50  5:15  Zergling x4  
  50  5:16  Roach Warren  
  49  5:28  Zergling x8  
  50  5:29  Zergling x6  
  54  5:35  Mutalisk  
  54  5:36  Mutalisk  
  51  5:56  Zergling x2  
  52  5:59  Zergling x8  
  52  6:00  Zergling x6  
  57  6:07  Hatchery  
Tags
 
Add a new tag
Caveats
  • Supply blocks, unpowered buildings, or Contaminate may cause inaccurate times.
  • Supply counts are checked every 10 seconds.